 Dungeon Crawl Stone Soup version 0.16-a0-347-ge97bf62 (webtiles) character file.

490788 ymmaz the Slayer (level 23, -1/223 HPs)
             Began as a Minotaur Berserker on Sept 2, 2014.
             Was the Champion of Trog.
             Killed by drain life
             ... invoked by a deathcap
             ... summoned by a curse toe
              (14 damage)
             ... on Level 4 of the Realm of Zot on Sept 10, 2014.
             The game lasted 06:18:32 (60188 turns).

ymmaz the Slayer (Minotaur Berserker)              Turns: 60188, Time: 06:18:32

HP  -1/223       AC 47     Str 30      XL: 23   Next: 58%
MP  12/12        EV 11     Int  9      God: Trog [******]
Gold 4550        SH 18     Dex 14      Spells:  0 memorised, 22 levels left

rFire  + . .     SeeInvis +     V - +4 broad axe "Hiorraun" {antimagic, rF+ SInv}
rCold  + + .     Clarity  +     T - +8 orange crystal plate armour {Archmagi, Int+3 Clar SustAb}
rNeg   . . .     rCorr    .     W - +1 shield {rC+}
rPois  +         rRot     .     r - +3 crown of Dyrovepreva {rElec Int+2 SInv}
rElec  +         Spirit   .     s - +0 cloak of Starlight {rElec rC+ EV+4 Stlth-}
SustAb +         Warding  .     Z - +0 pair of gloves of Vexation {+Rage MR+}
rMut   +         Stasis   .     u - +2 pair of boots {Stlth+}
Gourm  .                        J - amulet of resist mutation
MR     ++...                    H - ring of regeneration
                                R - ring of Birdsong {+Inv rElec rPois SInv}

@: very slightly contaminated, very resistant to hostile enchantments, extremely
unstealthy
A: retaliatory headbutt, horns 2, agile 1, breathe flames 1
a: Burn Spellbooks, Berserk, Trog's Hand, Brothers in Arms, Renounce Religion,
Breathe Fire, Evoke Berserk Rage, Evoke Invisibility
}: 3/15 runes: decaying, slimy, gossamer


You were on level 4 of the Realm of Zot.
You worshipped Trog.
Trog was exalted by your worship.
You were not hungry.

You visited 10 branches of the dungeon, and saw 58 of its levels.
You visited the Abyss 1 time.
You also visited: Labyrinth, Ice Cave and Volcano.

You collected 6905 gold pieces.
You spent 2355 gold pieces at shops.

Inventory:

Hand weapons
 d - a +4 broad axe of flaming
 z - a +0 blowgun
 V - the +4 broad axe "Hiorraun" (weapon) {antimagic, rF+ SInv}
   (You bought it in a shop on level 13 of the Dungeon)

   It disrupts the flow of magical energy around spellcasters and certain
   magical creatures (including the wielder).
   It protects you from fire.
   It enhances your eyesight.
Armour
 r - the +3 crown of Dyrovepreva (worn) {rElec Int+2 SInv}
   (You found it in a labyrinth)

   It affects your intelligence (+2).
   It insulates you from electricity.
   It enhances your eyesight.
 s - the +0 cloak of Starlight (worn) {rElec rC+ EV+4 Stlth-}
   (You bought it in a shop on level 1 of the Depths)

   It affects your evasion (+4).
   It protects you from cold.
   It insulates you from electricity.
   It makes you less stealthy.
 u - a +2 pair of boots of stealth (worn)
 K - a +0 large shield
 M - a +12 gold dragon armour
 T - the +8 orange crystal plate armour (worn) {Archmagi, Int+3 Clar SustAb}
   (You acquired it on level 2 of the Vaults)

   It affects your intelligence (+3).
   It sustains your strength, intelligence and dexterity.
   It protects you against confusion.
 W - a +1 shield of cold resistance (worn)
 Z - the +0 pair of gloves of Vexation (worn) {+Rage MR+}
   (You found it on level 3 of the Elven Halls)

   It affects your resistance to hostile enchantments.
   It lets you go berserk.
Magical devices
 h - a wand of invisibility (3)
 m - a wand of digging (14)
 q - a wand of fire (6)
 t - a wand of heal wounds (3)
 L - a wand of fire (5)
 O - a wand of teleportation (3)
 P - a wand of lightning (3)
 Q - a wand of disintegration (3)
Comestibles
 g - 12 meat rations
 N - 13 royal jellies
Scrolls
 a - 8 scrolls of fear
 c - a scroll of summoning
 f - 8 scrolls of blinking
 k - a scroll of magic mapping
 o - 14 scrolls of teleportation
 p - 2 scrolls of recharging
 v - 8 scrolls of identify
 w - 2 scrolls of holy word
 y - 20 scrolls of remove curse
 C - a scroll of enchant weapon
 U - 5 scrolls of fog
Jewellery
 b - an uncursed ring of positive energy
 H - a ring of regeneration (right hand)
 J - an amulet of resist mutation (around neck)
 R - the ring of Birdsong (left hand) {+Inv rElec rPois SInv}
   (You took it off a deep elf knight on level 3 of the Elven Halls)

   [ring of poison resistance]

   It insulates you from electricity.
   It protects you from poison.
   It enhances your eyesight.
   It lets you turn invisible.
 X - an uncursed amulet of resist corrosion
Potions
 i - 10 potions of curing
 j - 4 potions of cancellation
 l - 10 potions of resistance
 E - 4 potions of restore abilities
 F - 4 potions of might
 G - a potion of cure mutation
 S - a potion of flight
 Y - 3 potions of haste
Books
 x - a book of Summonings (quivered)

   Spells                             Type                      Level
   Abjuration                         Summoning                    3
   Recall                             Summoning/Translocation      3
   Shadow Creatures                   Summoning                    5
   Summon Demon                       Summoning                    5
   Summon Forest                      Summoning/Translocation      5
   Monstrous Menagerie                Summoning                    6
   Trog disapproves of the use of such an item.
Miscellaneous
 n - a phial of floods
 B - a disc of storms
 D - a phial of floods
Rods
 e - a +3 rod of ignition (9/9)
   (You found it on level 4 of the Depths)


   Skills:
 + Level 22.1 Fighting
 + Level 21.4 Axes
 + Level 22.1 Armour
 - Level 4.0 Dodging
 + Level 20.3 Shields
 - Level 7.0 Unarmed Combat
 + Level 19.0 Evocations


You had 22 spell levels left.
You didn't know any spells.

Dungeon Overview and Level Annotations

Branches:
Dungeon (15/15)            Temple (0/1) D:5             Orc (4/4) D:10
    Elf (3/3) Orc:4          Lair (8/8) D:10          Swamp (5/5) Lair:3
 Spider (5/5) Lair:4        Slime (6/6) Lair:7       Vaults (3/5) D:13
  Crypt (0/3) Vaults:2     Depths (5/5) D:15            Zot (4/5) Depths:5

Altars:
Ashenzari
Elyvilon
Kikubaaqudgha
Makhleb
Nemelex Xobeh
Okawaru
Trog
The Shining One
Beogh
Jiyva

Shops:
D:8 %   D:13 *   Orc:4 (*:[   Depths:1 [   Depths:5 (

Portals:
Hell: Depths:1 Depths:2 Depths:3 Depths:4
Abyss: Depths:4
Pandemonium: Depths:1 Depths:3 Depths:4
Ziggurat: Depths:5

Annotations:
D:8 exclusion: orange crystal statue
Depths:3 exclusion: ice statue


Innate Abilities, Weirdness & Mutations

You reflexively headbutt those who attack you in melee.
You have a pair of horns on your head.
You are agile. (Dex +2)
You can breathe flames.


Message History

Evoke which item? (* to show all) (? for menu, Esc to quit)
Zapping:
t - a wand of heal wounds (4)
Press: ? - help, Shift-Dir - straight line, f - you You feel much better.
This wand has 3 charges left.
The curse toe calls on the powers of darkness!
Your body is wracked with pain!
* * * LOW HITPOINT WARNING * * *
You block the deathcap's attack.
The deathcap draws from the surrounding life force!
* * * LOW HITPOINT WARNING * * *
The deathcap is healed.
You block the wandering mushroom's attack.
The wandering mushroom releases spores at you but does no damage.
Read which item? (? for menu, Esc to quit)
Blink to where?
Press: ? - help, Dir - move target cursor
As you read the scroll of blinking, it crumbles to dust.
You are very lightly contaminated with residual magic.
The deathcap draws from the surrounding life force!
You die...

#### #.........# ###
###...####.........####..###
##.......##...###...##.......
.......!.......# #...f.......
...............# #.....f.z..§
.....##..<.....# #.......#§..
. ###......# #....(###
##.....# #....## ##..@.#
#...## ##...# #..## ##...#
#...# #....# #...# #....#
##...# #....# #....# #....#
#....## ##..ff# #.....#
#...fz###.....#


You could see a curse toe, 2 deathcaps and a wandering mushroom.

Vanquished Creatures
  the royal jelly (Slime:6)
  the Lernaean hydra (Swamp:5)
  2 Killer Klowns (Zot:1)
  2 golden dragons
  A Brimstone Fiend (Depths:3)
  The ghost of dm0 the Devastator, a mighty DECj of Vehumet (Depths:3)
  the Enchantress (Depths:3)
  4 tentacled monstrosities
  7 liches
  5 deep elf blademasters
  A sphinx (Depths:3)
  2 octopode crushers (Depths:3)
  10 acid blobs
  2 quicksilver dragons
  An Executioner (Abyss:2)
  6 storm dragons
  3 thorn hunters
  An ancient champion (Vaults:2)
  Frances (Swamp:1)
  Kirke (Spider:4)
  4 tengu reavers
  A shadow dragon (Depths:4)
  The ghost of nht the Executioner, a mighty MiBe of Trog (Depths:1)
  A draconian monk (Depths:5)
  5 azure jellies (Slime:6)
  A balrug (Depths:3)
  Donald (Swamp:3)
  8 frost giants
  A fire giant (Depths:5)
  9 deep elf sorcerers (Elf:3)
  4 vault wardens
  6 ghost moths
  9 emperor scorpions
  An iron dragon (Depths:5)
  3 draconian zealots
  3 draconian knights
  Gastronok (Lair:2)
  An orc warlord (Orc:4)
  7 spriggan defenders (Depths:3)
  Jorgrun (Swamp:4)
  2 draconian annihilators
  6 stone giants
  2 deep elf demonologists (Elf:3)
  A reaper (Elf:3)
  2 draconian callers (Zot:3)
  A green draconian (Zot:3)
  9 very ugly things
  4 grey draconians
  7 mottled draconians
  A vampire knight (Depths:5)
  4 red draconians
  Azrael (Spider:3)
  2 black draconians (Depths:5)
  5 deep elf annihilators (Elf:3)
  5 dire elephants
  6 yellow draconians (Zot:1)
  A purple draconian (Zot:3)
  The ghost of Herrn the Basher, a powerful GrFi of Okawaru (IceCv)
  7 ettins
  11 vault guards
  6 deep elf high priests (Elf:3)
  5 deep elf death magi
  7 great orbs of eyes
  A green death (Abyss:2)
  6 minotaurs
  5 yaktaur captains
  17 fire dragons
  7 small abominations
  2 ironheart preservers
  3 death cobs
  11 ice dragons
  Fannar (D:10)
  A ghost crab (Vaults:2)
  2 rakshasas
  7 spriggan air magi
  26 hydras
  5 shambling mangroves
  A siren (Depths:3)
  5 ogre magi
  A deep troll shaman (Depths:3)
  2 alligator snapping turtles (Depths:3)
  4 deep troll earth magi
  10 alligators
  27 death yaks
  A tengu warrior (Depths:3)
  6 centaur warriors
  An orc high priest (Orc:4)
  3 sun demons
  A catoblepas (Depths:3)
  8 spriggan berserkers
  The ghost of Casul the Basher, an experienced GrFi of Okawaru (D:9)
  A soul eater (Abyss:1)
  4 hell knights (Depths:5)
  Nergalle (D:10)
  4 thrashing horrors (Abyss:2)
  4 black mambas (shapeshifter)
  6 deep elf knights
  A wretched star (Abyss:2)
  3 fire crabs
  2 large abominations
  A golden dragon zombie (Depths:1)
  2 ice devils (Depths:1)
  6 skeletal warriors
  A spatial maelstrom (Abyss:2)
  17 orb spiders
  12 swamp dragons
  An unseen horror (shapeshifter) (Vaults:1)
  8 orc knights
  4 unseen horrors
  A deep elf summoner (Elf:3)
  2 ice statues
  Erolcha (D:11)
  6 orc sorcerers
  12 deep trolls
  Pikel (D:8)
  10 hill giants
  6 necromancers
  A shadow wraith (Vaults:2)
  A hellion (Depths:1)
  2 manticores
  A statue (Volcano)
  3 ironbrand convokers
  12 wizards
  9 deep elf conjurers
  A red wasp (shapeshifter) (Vaults:1)
  2 sixfirhies
  48 ugly things
  A draconian (shapeshifter) (Depths:4)
  31 wolf spiders
  8 griffons
  2 cyclopes
  A salamander (shapeshifter) (Vaults:2)
  A fire giant skeleton (Vaults:1)
  4 black mambas
  5 moths of wrath
  2 smoke demons (Abyss:2)
  7 red wasps
  5 elephants (Lair:8)
  Maurice (D:8)
  A toenail golem (Volcano)
  Joseph (Orc:1)
  A queen ant (Lair:8)
  A feature mimic (Lair:3)
  4 torpor snails
  19 spiny frogs
  7 vault sentinels
  An orange crystal statue (Depths:1)
  An iron devil (Elf:3)
  8 komodo dragons
  Psyche (D:11)
  2 hogs (shapeshifter)
  21 demonic crawlers
  A green draconian zombie (Zot:3)
  An item mimic (Lair:6)
  A purple draconian zombie (Zot:3)
  A gargoyle (D:10)
  A storm dragon simulacrum (Vaults:3)
  2 fire drakes
  A death yak skeleton (Depths:1)
  The ghost of Casul the Cudgeler, an experienced GrFi of Okawaru (D:4)
  17 yaktaurs
  A wandering mushroom (Zot:4)
  5 spriggan druids
  4 two-headed ogres
  2 freezing wraiths
  6 deep elf priests
  A queen bee (shapeshifter) (Depths:4)
  A queen bee (Lair:8)
  3 tengu conjurers (D:15)
  7 giant leeches
  18 polar bears
  Sonja (D:11)
  3 wind drakes (Depths:3)
  26 jumping spiders
  47 slime creatures
  11 bog bodies
  Prince Ribbit (Lair:3)
  5 hellwings
  40 blink frogs
  A boulder beetle (shapeshifter) (Depths:3)
  9 trolls
  2 baby alligators (Swamp:1)
  A raiju (shapeshifter) (Depths:2)
  3 boulder beetles
  5 jumping spider zombies (Spider:4)
  A minotaur skeleton (Depths:1)
  13 ravens
  A basilisk (shapeshifter) (Depths:4)
  2 human simulacra (Vaults:1)
  9 trapdoor spiders
  2 shadows
  2 wind drakes (shapeshifter)
  A blink frog (shapeshifter) (Depths:4)
  12 basilisks
  7 water elementals
  24 spriggans
  A spriggan (shapeshifter) (Depths:4)
  4 wraiths
  3 vampires
  An ettin skeleton (Vaults:1)
  44 redbacks
  A spectral human (Vaults:2)
  2 fire bats (Volcano)
  8 wyverns
  18 deep elf magi
  22 tarantellas
  4 hogs (Spider:4)
  6 hippogriffs
  A human (shapeshifter) (D:15)
  2 hill giant zombies
  54 yaks
  4 neqoxecs
  A hill giant skeleton (D:13)
  2 hungry ghosts
  A mottled dragon (shapeshifter) (Depths:4)
  20 humans (D:13)
  2 steam dragons
  32 vampire mosquitoes
  2 chaos spawn
  2 spatial vortices
  24 swamp worms
  39 wolves
  16 deep elf fighters
  3 fire elementals
  7 wargs
  Edmund (D:9)
  2 human zombies
  An ogre zombie (D:14)
  5 mottled dragons
  20 soldier ants
  30 water moccasins
  9 hell hounds
  10 porcupines
  44 spiders
  A spectral snapping turtle (Vaults:2)
  19 swamp drakes
  A warg (shapeshifter) (Depths:2)
  9 black bears
  28 orc warriors
  Purgy (D:4)
  8 ice beasts
  3 sky beasts
  17 yellow wasps
  2 phantoms
  A necrophage (D:12)
  A crocodile (shapeshifter) (Depths:2)
  23 ogres
  4 boggarts (Depths:1)
  13 crocodiles
  A boring beetle (Lair:8)
  4 big kobolds
  2 brain worms
  18 centaurs
  Blork the orc (D:4)
  18 giant frogs
  20 insubstantial wisps
  An earth elemental (Lab)
  A wyvern skeleton (D:7)
  3 cyclops skeletons
  A tengu simulacrum (Depths:1)
  A water moccasin skeleton (D:9)
  6 wights
  9 scorpions
  An orc simulacrum (Vaults:1)
  4 eyes of draining
  23 killer bees
  8 electric eels
  A troll skeleton (D:9)
  3 spriggan skeletons
  3 quasits
  A lava snake (Volcano)
  7 crimson imps
  2 giant frog skeletons
  16 hounds
  A goliath beetle (D:10)
  Crazy Yiuf (D:3)
  19 orc priests
  13 jellies
  2 centaur skeletons
  7 iguanas
  33 orc wizards
  A black bear skeleton (D:10)
  A gnoll shaman (D:5)
  4 iron imps
  28 worker ants
  23 sheep
  A killer bee zombie (D:7)
  Ijyb (D:2)
  An ogre skeleton (D:11)
  A mummy (D:14)
  28 adders
  37 green rats
  6 gnolls
  17 white imps
  2 giant mites (D:2)
  4 shadow imps
  2 worms
  An ufetubus (Abyss:1)
  An adder zombie (D:9)
  An iguana skeleton (D:5)
  An adder skeleton (D:6)
  3 oozes
  132 orcs
  18 bats
  5 giant cockroaches
  27 goblins
  18 hobgoblins
  6 jackals
  8 quokkas
  A ball python (D:4)
  10 giant geckos
  4 giant newts
  A hobgoblin zombie (D:5)
  27 kobolds
  A kobold skeleton (D:6)
  2 kobold zombies
  2 orc skeletons
  An orc zombie (D:9)
  23 rats
  A rat skeleton (D:6)
  2 spectral orcs (D:10)
  9 ballistomycetes
  A bush (Lair:8)
  17 fungi
  11 plants
2319 creatures vanquished.

Vanquished Creatures (collateral kills)
  2 liches (Depths:3)
  Saint Roka (Depths:4)
  4 acid blobs (Slime:6)
  A tengu reaver (Depths:3)
  A frost giant (Depths:3)
  A very ugly thing (Depths:2)
  A rakshasa (Depths:3)
  A siren (Depths:3)
  An orc high priest (Orc:4)
  2 wizards (Depths:2)
  3 ugly things (Depths:2)
  An orange demon (Orc:4)
  A redback (Spider:5)
  4 orc warriors
  2 centaurs (Depths:1)
  A jelly (Slime:6)
27 creatures vanquished.

Vanquished Creatures (others)
  A merfolk javelineer (Depths:3)
  A rakshasa (Abyss:2)
  A deep elf knight (Elf:3)
  A large abomination (Abyss:2)
  A deep elf summoner (Elf:2)
  2 hill giants
  2 water elementals (Depths:4)
  A kobold demonologist (Vaults:2)
  A jumping spider (Spider:2)
  A troll (Depths:3)
  A blink frog (Abyss:2)
  A hippogriff (shapeshifter) (Vaults:3)
  A neqoxec (Abyss:2)
  19 spatial vortices (Abyss:2)
  A small abomination (Abyss:2)
  2 lost souls
  A wight (D:14)
  A quasit (Depths:1)
  An orc wizard (D:4)
  An adder (D:8)
  An orc skeleton (D:11)
  A white imp (Vaults:2)
  An orc (D:4)
  3 giant spores
  7 fungi
  15 plants
69 creatures vanquished.

Grand Total: 2415 creatures vanquished

Notes
Turn   | Place    | Note
--------------------------------------------------------------
     0 | D:1      | ymmaz, the Minotaur Berserker, began the quest for the Orb.
     0 | D:1      | Reached XP level 1. HP: 19/19 MP: 1/1
   179 | D:1      | Reached XP level 2. HP: 18/27 MP: 1/1
   371 | D:1      | Reached skill level 4 in Fighting
   398 | D:1      | Acquired Trog's second power
   440 | D:2      | Reached XP level 3. HP: 33/33 MP: 2/2
   545 | D:2      | Noticed Ijyb
   565 | D:2      | Killed Ijyb
   565 | D:2      | Reached XP level 4. HP: 36/41 MP: 2/2
   907 | D:2      | Found a glowing golden altar of the Shining One.
   908 | D:2      | Found a burning altar of Makhleb.
  1235 | D:3      | Noticed an orc warrior
  1235 | D:3      | Noticed a hungry ghost
  1478 | D:3      | Reached XP level 5. HP: 19/47 MP: 2/2
  2027 | D:3      | Noticed Crazy Yiuf
  2048 | D:3      | Killed Crazy Yiuf
  2358 | D:4      | Noticed an ogre
  2365 | D:4      | Killed an ogre
  2365 | D:4      | Reached skill level 5 in Fighting
  2365 | D:4      | Reached skill level 5 in Axes
  2365 | D:4      | Reached skill level 1 in Evocations
  2365 | D:4      | Reached XP level 6. HP: 37/56 MP: 4/4
  2745 | D:4      | Found a sparkling altar of Nemelex Xobeh.
  2940 | D:4      | Acquired Trog's third power
  3149 | D:4      | Found a shattered altar of Ashenzari.
  3155 | D:4      | Noticed Blork the orc
  3159 | D:4      | Got a dazzling ring mail
  3174 | D:4      | Killed Blork the orc
  3274 | D:4      | Reached XP level 7. HP: 54/62 MP: 5/5
  3299 | D:4      | Identified the -5 ring mail "Wuefu" {Dex-1 Int+3} (You found it on level 4 of the Dungeon)
  3462 | D:4      | Noticed Purgy
  3476 | D:4      | Killed Purgy
  3476 | D:4      | Reached skill level 5 in Armour
  3609 | D:4      | Noticed Casul's ghost (experienced GrFi)
  3618 | D:4      | Killed Casul's ghost
  3618 | D:4      | Reached skill level 6 in Fighting
  3985 | D:5      | Entered Level 5 of the Dungeon
  4001 | D:5      | Found a staircase to the Ecumenical Temple.
  4057 | D:5      | Reached XP level 8. HP: 71/71 MP: 7/7
  4530 | D:5      | Reached skill level 7 in Fighting
  5129 | D:6      | Found an iron altar of Okawaru.
  5295 | D:6      | Found a bloodstained altar of Trog.
  5476 | D:6      | Got a turquoise-encrusted ring mail
  5487 | D:6      | Identified the +3 ring mail "Godiraba" {Dex+3 Int+3} (You found it on level 6 of the Dungeon)
  5734 | D:7      | Reached skill level 5 in Evocations
  5748 | D:7      | Found an ancient bone altar of Kikubaaqudgha.
  5882 | D:7      | Reached XP level 9. HP: 80/80 MP: 9/11
  6228 | D:7      | Found a white marble altar of Elyvilon.
  6499 | D:8      | Reached skill level 8 in Fighting
  6508 | D:8      | Found Plama's Food Emporium.
  6988 | D:8      | Noticed an orange crystal statue
  6996 | D:8      | Noticed Maurice
  7006 | D:8      | Killed Maurice
  7125 | D:8      | Reached skill level 9 in Fighting
  7277 | D:8      | Noticed Pikel
  7299 | D:8      | Killed Pikel
  7299 | D:8      | Reached XP level 10. HP: 71/91 MP: 13/15
  7461 | D:9      | Noticed Casul's ghost (experienced GrFi)
  7473 | D:9      | Killed Casul's ghost
  7667 | D:9      | Noticed Edmund
  7682 | D:9      | Killed Edmund
  7750 | D:9      | Received a gift from Trog
  7801 | D:9      | Reached skill level 10 in Fighting
  7980 | D:9      | Reached skill level 10 in Axes
  8029 | D:9      | Reached skill level 10 in Armour
  8134 | D:10     | Entered Level 10 of the Dungeon
  8453 | D:10     | Noticed Fannar
  8455 | D:10     | Noticed Nergalle
  8468 | D:10     | Killed Fannar
  8473 | D:10     | Killed Nergalle
  8473 | D:10     | Reached XP level 11. HP: 84/101 MP: 6/18
  8488 | D:10     | Found a staircase to the Lair.
  9115 | D:10     | Received a gift from Trog
  9119 | D:10     | Got a brightly glowing battleaxe {god gift}
  9120 | D:10     | Identified the +9 battleaxe of Lenibron {drain, +Rage rN+} (Trog gifted it to you on level 10 of the Dungeon)
  9260 | D:10     | Found a staircase to the Orcish Mines.
  9497 | D:10     | Reached skill level 11 in Fighting
  9632 | Lair:1   | Entered Level 1 of the Lair of Beasts
 10650 | Lair:2   | Noticed Gastronok
 10657 | Lair:2   | Killed Gastronok
 10778 | Lair:2   | Reached skill level 12 in Axes
 10936 | Lair:2   | Received a gift from Trog
 10936 | Lair:2   | Reached XP level 12. HP: 108/112 MP: 21/21
 11035 | Lair:3   | Found a staircase to the Swamp.
 11324 | Lair:3   | Noticed Prince Ribbit
 11339 | Lair:3   | Killed Prince Ribbit
 11344 | Lair:3   | Reached skill level 10 in Evocations
 12356 | Lair:4   | Found a labyrinth entrance.
 12364 | Lab      | Entered a labyrinth
 12377 | Lab      | Found an exit through the horrors of the Abyss.
 12448 | Lab      | Found an exit through the horrors of the Abyss.
 12525 | Lab      | Found an exit through the horrors of the Abyss.
 13011 | Lab      | Noticed a minotaur
 13014 | Lab      | Killed a minotaur
 13085 | Lair:4   | Reached skill level 13 in Axes
 13254 | Lair:4   | Received a gift from Trog
 13736 | Lair:4   | Found a hole to the Spider Nest.
 13897 | Lair:4   | Reached XP level 13. HP: 122/122 MP: 23/23
 14727 | Lair:5   | Received a gift from Trog
 15222 | Lair:6   | Found a dark tunnel.
 15228 | Volcano  | Entered a volcano
 15291 | Volcano  | Found a burning altar of Makhleb.
 16470 | Lair:7   | Reached skill level 14 in Axes
 16926 | Lair:7   | Found a staircase to the Slime Pits.
 17083 | Lair:8   | Entered Level 8 of the Lair of Beasts
 17083 | Lair:8   | Found a frozen archway.
 17524 | Lair:8   | Got a pair of distressingly furry gloves
 17546 | IceCv    | Entered an ice cave
 17561 | IceCv    | Identified the cursed -3 pair of gloves "Bezus" {rF+ Curse} (You found it on level 8 of the Lair of Beasts)
 17568 | IceCv    | Received a gift from Trog
 17571 | IceCv    | Got a brightly glowing battleaxe {god gift}
 17572 | IceCv    | Identified the +8 battleaxe "Zuipuidu" {flame, rF+} (Trog gifted it to you in an ice cave)
 17967 | IceCv    | Reached XP level 14. HP: 133/133 MP: 25/25
 18383 | IceCv    | Noticed a frost giant
 18398 | IceCv    | Killed a frost giant
 18449 | IceCv    | Noticed Herrn's ghost (powerful GrFi)
 18469 | IceCv    | Killed Herrn's ghost
 19011 | Lair:8   | Received a gift from Trog
 19193 | Lair:8   | Reached skill level 15 in Axes
 19203 | Lair:8   | Received a gift from Trog
 19517 | Lair:8   | Reached skill level 15 in Armour
 19835 | Lair:8   | Reached skill level 15 in Fighting
 20076 | Lair:8   | Received a gift from Trog
 20995 | D:11     | Received a gift from Trog
 21005 | D:11     | Got a fine war axe {god gift}
 21006 | D:11     | Identified the +6 war axe "Wuomaymn" {distort, *Rage Int+2} (Trog gifted it to you on level 11 of the Dungeon)
 21175 | D:11     | Noticed Sonja
 21183 | D:11     | Killed Sonja
 21241 | D:11     | Noticed Erolcha
 21249 | D:11     | Killed Erolcha
 21388 | D:11     | Noticed Psyche
 21394 | D:11     | Killed Psyche
 21778 | D:12     | Gained mutation: Your magical capacity is low (-10% MP). [potion of mutation]
 21778 | D:12     | Gained mutation: You are surrounded by a mild repulsion field (EV +2). [potion of mutation]
 21778 | D:12     | Gained mutation: Your body is slowly deteriorating. [potion of mutation]
 21780 | D:12     | Lost mutation: Your body is slowly deteriorating. [potion of cure mutation]
 21780 | D:12     | Lost mutation: You are surrounded by a mild repulsion field (EV +2). [potion of cure mutation]
 21780 | D:12     | Lost mutation: Your magical capacity is low (-10% MP). [potion of cure mutation]
 22278 | D:13     | Received a gift from Trog
 22433 | D:13     | Reached XP level 15. HP: 98/141 MP: 27/27
 22585 | D:13     | Found Klay's Assorted Antiques.
 22590 | D:13     | Bought a warped broad axe for 189 gold pieces
 22591 | D:13     | Identified the +4 broad axe "Hiorraun" {antimagic, rF+ SInv} (You bought it in a shop on level 13 of the Dungeon)
 22699 | D:13     | Reached skill level 1 in Shields
 22796 | D:13     | Found a gate to the Vaults.
 22805 | D:13     | Reached skill level 5 in Shields
 22898 | D:13     | Upgraded the game from 0.16-a0-321-g9a421ca to 0.16-a0-324-g99bef82
 22936 | D:13     | Received a gift from Trog
 23884 | D:15     | Entered Level 15 of the Dungeon
 23965 | D:15     | Received a gift from Trog
 24026 | D:15     | Reached skill level 10 in Shields
 24033 | D:15     | Found a staircase to the Depths.
 24986 | Orc:1    | Entered Level 1 of the Orcish Mines
 24991 | Orc:1    | Noticed Joseph
 25002 | Orc:1    | Killed Joseph
 25386 | Orc:2    | Received a gift from Trog
 26130 | Orc:3    | Paralysed by an orc sorcerer for 7 turns
 26282 | Orc:3    | Received a gift from Trog
 26636 | Orc:4    | Entered Level 4 of the Orcish Mines
 26646 | Orc:4    | Found Cuasuen's Book Boutique.
 26675 | Orc:4    | Found a staircase to the Elven Halls.
 26719 | Orc:4    | Found Qiato's Antique Armour Shop.
 26730 | Orc:4    | Reached skill level 1 in Unarmed Combat
 26999 | Orc:4    | Found a burning altar of Makhleb.
 27068 | Orc:4    | Received a gift from Trog
 27223 | Orc:4    | Found a roughly hewn altar of Beogh.
 27275 | Orc:4    | Found Vitz's Antique Weapon Shoppe.
 27399 | Orc:4    | Found Cheimn's General Store.
 27572 | Orc:4    | Bought a swamp dragon armour for 1500 gold pieces
 27750 | Swamp:1  | Entered Level 1 of the Swamp
 27750 | Swamp:1  | Noticed Frances
 27762 | Swamp:1  | Killed Frances
 27762 | Swamp:1  | Reached XP level 16. HP: 130/151 MP: 9/28
 27837 | Swamp:1  | Reached skill level 16 in Fighting
 27839 | Swamp:1  | Received a gift from Trog
 29259 | Swamp:3  | Received a gift from Trog
 29662 | Swamp:3  | Noticed Donald
 29688 | Swamp:3  | Killed Donald
 30540 | Swamp:4  | Reached skill level 5 in Unarmed Combat
 30566 | Swamp:4  | Noticed Jorgrun
 30590 | Swamp:4  | Killed Jorgrun
 31669 | Swamp:5  | Entered Level 5 of the Swamp
 31929 | Swamp:5  | Received a gift from Trog
 32016 | Swamp:5  | Reached XP level 17. HP: 111/160 MP: 25/30
 32150 | Swamp:5  | Noticed the 27-headed Lernaean hydra
 32164 | Swamp:5  | Killed the 25-headed Lernaean hydra
 32890 | Swamp:5  | Got a decaying rune of Zot
 32982 | Swamp:5  | Reached skill level 17 in Fighting
 33685 | Swamp:4  | Received a gift from Trog
 33928 | Swamp:5  | Found an ancient bone altar of Kikubaaqudgha.
 35006 | Spider:1 | Entered Level 1 of the Spider Nest
 36235 | Spider:1 | Received a gift from Trog
 36598 | Spider:2 | Gained mutation: You can breathe flames. [potion of beneficial mutation]
 37353 | Spider:3 | Noticed Azrael
 37388 | Spider:3 | Killed Azrael
 37390 | Spider:3 | Received a gift from Trog
 37440 | Spider:3 | Upgraded the game from 0.16-a0-324-g99bef82 to 0.16-a0-326-g6f2d4d4
 37546 | Spider:3 | Reached skill level 15 in Evocations
 37546 | Spider:3 | Reached XP level 18. HP: 152/171 MP: 0/31
 37826 | Spider:3 | Received a gift from Trog
 38354 | Spider:4 | Noticed Kirke
 38368 | Spider:4 | Killed Kirke
 38631 | Spider:5 | Entered Level 5 of the Spider Nest
 38680 | Spider:5 | Received a gift from Trog
 38725 | Spider:5 | Reached skill level 18 in Armour
 38996 | Spider:5 | Got a pair of slimy boots
 39004 | Spider:5 | Reached skill level 15 in Shields
 39015 | Spider:5 | Identified the cursed -4 pair of boots "Ewosmukh" {Dex-3 Int+3} (You found it on level 5 of the Spider Nest)
 39582 | Spider:5 | Received a gift from Trog
 40035 | Spider:5 | Got a gossamer rune of Zot
 40701 | Depths:1 | Entered Level 1 of the Depths
 41126 | Depths:1 | Received a gift from Trog
 41257 | Depths:1 | Found Pyol's Armour Shop.
 41278 | Depths:1 | Bought the +0 cloak of Starlight {rElec rC+ EV+4 Stlth-} for 409 gold pieces
 41278 | Depths:1 | Bought the +2 pair of gloves "Vaocwunt" {Str+2 Curse} for 257 gold pieces
 41574 | Depths:1 | Reached XP level 19. HP: 167/181 MP: 10/32
 41863 | Depths:1 | Noticed nht's ghost (mighty MiBe)
 41885 | Depths:1 | Killed nht's ghost
 41950 | Depths:1 | Found a one-way gate leading to the halls of Pandemonium.
 42034 | Depths:1 | Found a gateway to Hell.
 42158 | Depths:2 | Identified a scroll of acquirement
 42358 | Depths:2 | Received a gift from Trog
 42952 | Depths:2 | Reached skill level 19 in Fighting
 42998 | Depths:2 | Got a warped steel amulet
 42999 | Depths:2 | Identified the amulet of Pnathrya {Gourm Dex+1 Int-1} (You found it on level 2 of the Depths)
 43240 | Depths:2 | Gained mutation: You are agile. (Dex +2) [potion of beneficial mutation]
 43609 | Depths:3 | Received a gift from Trog
 43798 | Depths:3 | Paralysed by a lich for 5 turns
 44086 | Depths:3 | Noticed dm0's ghost (mighty DECj)
 44113 | Depths:3 | Killed dm0's ghost
 44279 | Depths:3 | Received a gift from Trog
 44296 | Depths:3 | Got an ancient war axe {god gift}
 44297 | Depths:3 | Identified the +10 war axe of Dailier {chop, Int+4} (Trog gifted it to you on level 3 of the Depths)
 44462 | Depths:3 | Reached XP level 20. HP: 182/191 MP: 7/33
 45062 | Depths:3 | Received a gift from Trog
 45393 | Depths:3 | Noticed a golden dragon
 46083 | Depths:3 | Noticed the Enchantress
 46851 | Depths:3 | HP: 9/193 [lich/bolt of negative energy (19)]
 47620 | Depths:3 | Killed the Enchantress
 47623 | Depths:3 | Got a faerie dragon armour
 47628 | Depths:3 | Identified the +1 faerie dragon armour {+Rage SInv} (You took it off the Enchantress on level 3 of the Depths)
 47722 | Depths:3 | Received a gift from Trog
 47722 | Depths:3 | Reached skill level 20 in Fighting
 47727 | Depths:3 | Killed a golden dragon
 47795 | Depths:3 | Upgraded the game from 0.16-a0-326-g6f2d4d4 to 0.16-a0-327-gbff0e38
 48253 | Depths:4 | Found a one-way gate to the infinite horrors of the Abyss.
 48810 | Depths:4 | Got a dazzling scale mail
 48811 | Depths:4 | Identified the +0 scale mail "Pyiblur" {rN+} (You found it on level 4 of the Depths)
 48901 | Depths:4 | Noticed Saint Roka
 48950 | Depths:4 | Killed Saint Roka
 49334 | Depths:4 | Identified a +3 rod of ignition (9/9) (You found it on level 4 of the Depths)
 49528 | Depths:4 | Reached XP level 21. HP: 162/201 MP: 11/35
 49833 | Depths:5 | Entered Level 5 of the Depths
 49835 | Depths:5 | Upgraded the game from 0.16-a0-327-gbff0e38 to 0.16-a0-331-g39fd2ee
 49905 | Depths:5 | Found a gateway to a ziggurat.
 49939 | Depths:5 | Received a gift from Trog
 50665 | Depths:5 | Found Cuaptol Ral's Weapon Shoppe.
 50874 | Depths:5 | Received a gift from Trog
 51034 | Depths:5 | Found a gate to the Realm of Zot.
 51636 | Vaults:1 | Entered Level 1 of the Vaults
 52435 | Vaults:1 | Received a gift from Trog
 52856 | Vaults:1 | Upgraded the game from 0.16-a0-331-g39fd2ee to 0.16-a0-347-ge97bf62
 53022 | Vaults:2 | Received a gift from Trog
 53434 | Vaults:2 | Found a staircase to the Crypt.
 53459 | Vaults:2 | Reached XP level 22. HP: 206/211 MP: 12/36
 54102 | Vaults:3 | Reached skill level 21 in Fighting
 54161 | Vaults:3 | Received a gift from Trog
 54711 | Slime:1  | Entered Level 1 of the Pits of Slime
 54736 | Slime:4  | Found a viscous altar of Jiyva.
 54782 | Slime:6  | Entered Level 6 of the Pits of Slime
 54783 | Slime:6  | Paralysed by a great orb of eyes for 7 turns
 54800 | Slime:5  | Received a gift from Trog
 55169 | Slime:6  | Found a viscous altar of Jiyva.
 55173 | Slime:6  | Noticed the royal jelly
 55183 | Slime:6  | Killed the royal jelly
 55238 | Slime:6  | HP: 10/213 [azure jelly[the royal jelly] (6)]
 55567 | Slime:6  | Got a dazzling war axe
 55597 | Slime:6  | Got a slimy rune of Zot
 56106 | Elf:1    | Entered Level 1 of the Elven Halls
 56201 | Elf:3    | Entered Level 3 of the Elven Halls
 56662 | Elf:3    | Received a gift from Trog
 56698 | Elf:3    | Cast into the Abyss (deep elf sorcerer)
 56704 | Abyss:1  | Found a corrupted altar of Lugonu.
 57294 | Abyss:2  | Found a corrupted altar of Lugonu.
 57497 | Elf:3    | Escaped the Abyss
 57590 | Elf:3    | Received a gift from Trog
 57630 | Elf:3    | Got a polished plate armour
 57633 | Elf:3    | Identified the +8 plate armour of the Three Runes {rF+ SInv} (You took it off a deep elf priest on level 3 of the Elven Halls)
 57635 | Elf:3    | Identified the +9 war axe "Nihano" {antimagic, +Fly} (You found it on level 6 of the Pits of Slime)
 57824 | Elf:3    | Got a smoking marble ring
 57879 | Elf:3    | Got a pair of dazzling gloves
 57890 | Elf:3    | Identified the +0 pair of gloves of Vexation {+Rage MR+} (You found it on level 3 of the Elven Halls)
 57923 | Elf:3    | Reached XP level 23. HP: 172/222 MP: 12/37
 57932 | Elf:3    | Identified the ring of Birdsong {+Inv rElec rPois SInv} (You took it off a deep elf knight on level 3 of the Elven Halls)
 57953 | Elf:3    | Got a crude bone ring
 57954 | Elf:3    | Identified the cursed ring "Choann" {Str+4 Dex+3 Int+2 Slay-5} (You took it off a deep elf high priest on level 3 of the Elven Halls)
 58103 | Elf:3    | Received a gift from Trog
 58973 | Zot:1    | Entered Level 1 of the Realm of Zot
 59685 | Zot:1    | Reached skill level 22 in Fighting
 60138 | Zot:4    | Noticed a curse toe
 60188 | Zot:4    | Killed from afar by a deathcap

Action                   |  1- 3 |  4- 6 |  7- 9 | 10-12 | 13-15 | 16-18 | 19-21 | 22-24 || total
-------------------------+-------+-------+-------+-------+-------+-------+-------+-------++-------
Melee: Hand axe          |    59 |   175 |   152 |       |       |       |       |       ||   386
       War axe           |       |       |   166 |    49 |     1 |     5 |       |       ||   221
       Battleaxe         |       |       |       |   485 |   743 |   235 |       |       ||  1463
       Broad axe         |       |       |       |       |   611 |  1550 |  1965 |  1054 ||  5180
 Fire: Blowgun           |       |       |       |       |     4 |       |       |       ||     4
Invok: Berserk           |     1 |     3 |     5 |     2 |     2 |     1 |     2 |       ||    16
       Trog's Hand       |       |     1 |     1 |       |     1 |     1 |       |       ||     4
       Burn Spellbooks   |       |       |       |       |     1 |       |       |       ||     1
       Brothers in Arms  |       |       |       |       |     2 |     2 |     6 |     1 ||    11
 Abil: Evoke Invisibilit |       |     1 |     2 |       |       |       |       |     1 ||     4
       Breathe Fire      |       |       |       |       |       |     6 |     3 |       ||     9
Evoke: Wand              |       |       |     4 |     5 |    12 |    25 |    14 |    10 ||    70
       Phial of floods   |       |       |       |       |       |       |     1 |       ||     1
  Use: Scroll            |       |     1 |     8 |    18 |     9 |    10 |    32 |     7 ||    85
       Potion            |       |     1 |       |     1 |     5 |     6 |    16 |     5 ||    34
 Stab: Invisible         |       |     1 |     1 |       |     5 |       |       |     7 ||    14
       Distracted        |       |       |       |       |     1 |     1 |       |     1 ||     3
       Sleeping          |       |       |       |       |       |     2 |       |       ||     2
       Held in net/web   |       |       |       |       |       |     1 |       |       ||     1
       Confused          |       |       |       |       |       |       |       |     1 ||     1
  Eat: Chunk             |       |     4 |    11 |     4 |     6 |       |       |       ||    25
       Fruit             |       |     8 |       |     3 |    10 |       |    11 |       ||    32
       Bread ration      |       |     1 |     1 |       |     3 |     9 |     8 |     3 ||    25
       Meat ration       |       |       |     1 |       |     4 |     1 |     2 |     2 ||    10
       Beef jerky        |       |       |       |    11 |       |     3 |     2 |     1 ||    17
       Pizza             |       |       |       |     1 |       |     2 |     1 |     2 ||     6
